 Dungeon Crawl Stone Soup version 0.21-a0-329-g12f17e1 (webtiles) character file.

51 namelastname112 the Vexing (level 3, 16/16 HPs)
             Began as a Felid Wanderer on Oct 1, 2017.
             Quit the game on level 2 of the Dungeon.
             The game lasted 00:01:49 (1530 turns).

namelastname112 the Vexing (Felid Wanderer)         Turns: 1530, Time: 00:01:49

Health: 16/16      AC:  1    Str:  9    XL:     3   Next: 58%
Magic:  4/4        EV: 18    Int: 13    God:
Gold:   67         SH:  0    Dex: 15    Spells: 2/2 levels left
                                        Lives:  0   Deaths: 1

rFire    . . .     SeeInvis +     - Unarmed
rCold    . . .     Gourm    .   (shield unavailable)
rNeg     . . .     Faith    .   (armour unavailable)
rPois    .         Spirit   .   (helmet unavailable)
rElec    .         Reflect  .   (cloak unavailable)
rCorr    .         Harm     .   (gloves unavailable)
MR       .....                  (boots unavailable)
Stlth    ++++......             (no amulet)
HPRegen  0.05/turn              g - ring of stealth
MPRegen  0.09/turn              (no ring)

@: quick
A: no armour, no weapons or thrown items, stealth, claws 1, fangs 3, see
invisible, carnivore 3, speed 1, shaggy fur 1, slow metabolism 1, sharp paws
a: no special abilities


You were on level 2 of the Dungeon.
You were not hungry.

You visited 1 branch of the dungeon, and saw 2 of its levels.

You collected 67 gold pieces.

Inventory:

Missiles
 k - 35 stones
Jewellery
 g - a ring of stealth (left paw)
Scrolls
 e - a scroll of fog {unknown}
 f - 4 scrolls of identify
 l - a scroll of magic mapping
 m - a scroll of remove curse
Potions
 h - a potion of agility
 i - a potion of brilliance {unknown}
 j - a potion of curing {unknown}
Books
 a - a book of Geomancy

   Spells                             Type                      Level
   a - Sandblast                      Earth                        1
   b - Passwall                       Transmutation/Earth          2
   c - Stone Arrow                    Conjuration/Earth            3
   d - Petrify                        Transmutation/Earth          4
   e - Lee's Rapid Deconstruction     Earth                        5
 b - the Collected Works on Clay

   Spells                             Type                      Level
   a - Sandblast                      Earth                        1
   b - Stone Arrow                    Conjuration/Earth            3
Comestibles
 c - a meat ration
 d - 3 royal jellies


   Skills:
 + Level 2.2 Fighting
 + Level 2.7 Dodging
 + Level 4.1 Stealth
 + Level 2.9 Unarmed Combat
   Level 5.8 Hexes
   Level 1.1 Transmutations


You had 2 spell levels left.
You didn't know any spells.

Dungeon Overview and Level Annotations

Branches:
Dungeon (2/15)

Altars:


Innate Abilities, Weirdness & Mutations

You cannot wear armour.
You are incapable of wielding weapons or throwing items.
Your paws allow you to move quietly. (Stealth)
You have sharp claws.
You have razor-sharp teeth.
You have supernaturally acute eyesight. (SInv)
You are carnivorous and can eat meat at any time.
You cover ground quickly.
You are covered in fur. (AC +1)
You have a slow metabolism.
Your sharp claws are effective at attacking unaware monsters.


Message History

You kill the gnoll!
You scratch the gnoll but do no damage. The gnoll barely misses you.
You barely miss the gnoll. The gnoll hits you with a flail.
You take 1 damage, and have 10/19 hp.
You scratch the gnoll.
The gnoll is lightly wounded.
The gnoll hits you with a flail.
* * * LOW HITPOINT WARNING * * *
You take 6 damage, and have 4/19 hp.
MASSIVE DAMAGE!!
You scratch the gnoll but do no damage.
The gnoll is lightly wounded.
You scratch the gnoll.
The gnoll is severely wounded.
The gnoll hits you with a flail.
You die...
You are now level 3!
You rejoin the land of the living...
Health restored: 16 You now have 4/4 mp.
Are you sure you want to abandon this character and quit the game? (Confirm with "yes".)

..........####..#..#
(.........+........#
..........####.#...#
..##.###### ###...#
..##.# #...# ..##.#
#...# ..##.# ..>.#
####.# #.######.####
#.# #.....@.....#
#.# ########.##.#
#.#########...# #
#...........#.#
#############.#
############## #.#
.............# #.#
############.# #.# .
#.# #.#


There were no monsters in sight!

Vanquished Creatures
  3 gnolls (D:2)
  3 adders (D:2)
  An ooze (D:2)
  A worm (D:2)
  4 dart slugs
  3 giant cockroaches
  6 goblins (D:1)
  6 hobgoblins
  3 bats
  3 frilled lizards
  3 kobolds
  5 rats
41 creatures vanquished.

Notes
Turn   | Place    | Note
-------+----------+-------------------------------------------
     0 | D:1      | namelastname112 the Felid Wanderer began the quest for the Orb.
     0 | D:1      | namelastname112 set off with: a book of Geomancy, the Collected Works on Clay, a meat ration
     0 | D:1      | Reached XP level 1. HP: 9/9 MP: 2/2
     0 | D:1      | Identified the Collected Works on Clay
   337 | D:1      | Reached skill level 1 in Dodging
   337 | D:1      | Reached XP level 2. HP: 10/12 MP: 3/3
   894 | D:2      | Reached XP level 3. HP: 16/16 MP: 4/4
  1239 | D:2      | Reached XP level 4. HP: 19/19 MP: 5/5
  1529 | D:2      | Slain by a gnoll
  1530 | D:2      | Reached XP level 3. HP: 0/16 MP: 4/4
  1530 | D:2      | Quit the game

Vault maps used:
D:1:      scummos_arrival_forest

Skill      XL: |  1  2  3  4 |
---------------+-------------+-----
Stealth        | 3 4 |  4.1
Dodging        | 1 2 |  2.7
Fighting       | 2 |  2.2
Unarmed Combat | |  2.9
Hexes          | |  5.8
Transmutations | |  1.1

Action                   |  1- 3 |  4- 6 || total
-------------------------+-------+-------++-------
Melee: Unarmed           |    78 |    24 ||   102
       Bite              |     5 |     2 ||     7
  Use: Scroll            |     7 |       ||     7
 Stab: Sleeping          |    12 |     3 ||    15
  Eat: Chunk             |     3 |       ||     3
Armor: Skin              |     6 |       ||     6
Dodge: Dodged            |    60 |    17 ||    77

Table legend:
 A = Spawn XP
 B = Non-spawn XP
 C = Spawn XP percentage of total XP
 D = Spawn monster count
 E = Non-spawn monster count
 F = Spawn count percentage of total count
 G = Total turns spent on level
                    A         B        C        D         E        F      G
               +---------+---------+-------+---------+---------+-------+---------
         Total |       0 |     156 |   0.0 |       0 |      41 |   0.0 |  1530
               +---------+---------+-------+---------+---------+-------+---------
           D:1 |       0 |      38 |   0.0 |       0 |      20 |   0.0 |   863
           D:2 |       0 |     118 |   0.0 |       0 |      21 |   0.0 |   667
               +---------+---------+-------+---------+---------+-------+---------
